 Dungeon Crawl Stone Soup version 0.29.1-15-g9cfb28693d (webtiles) character file.

Game seed: 6988312694473271936

5 Heoruswealwe the Caller (level 1, 9/10 HPs)
             Began as a Deep Elf Summoner on Mar 4, 2023.
             Was an Initiate of Ashenzari.
             Got out of the dungeon alive.
             The game lasted 00:02:45 (258 turns).

Heoruswealwe the Caller (Deep Elf Summoner)          Turns: 258, Time: 00:02:46

Health: 9/10       AC:  2    Str:  5    XL:     1   Next: 66%
Magic:  6/6        EV: 12    Int: 19    God:    Ashenzari [......]
Gold:   9          SH:  0    Dex: 15    Spells: 5/6 levels left

rFire   . . .      SeeInvis .   e - +0 dagger
rCold   . . .      Faith    .   (no shield)
rNeg    . . .      Spirit   .   a - +0 robe
rPois   .          Reflect  .   (no helmet)
rElec   .          Harm     .   (no cloak)
rCorr   .          Rampage  .   (no gloves)
Will    .....                   (no boots)
Stlth   ++........              (no amulet)
HPRegen 0.03/turn               (no ring)
MPRegen 0.10/turn               (no ring)

@: no status effects
A: no striking features
a: Renounce Religion, Curse Item


You escaped.
You worshipped Ashenzari.
Ashenzari was noncommittal.
You visited 1 branch of the dungeon, and saw 1 of its levels.

You collected 9 gold pieces.

Inventory:

Hand Weapons
 e - a +0 dagger (weapon)
 h - a +0 dagger
 i - a +0 dagger
Missiles
 c - 6 boomerangs of dispersal
 d - 3 stones
Armour
 a - a +0 robe (worn)
Scrolls
 g - a scroll of teleportation {unknown}
Potions
 b - a potion of magic
 f - a potion of haste {unknown}


   Skills:
 - Level 2.4 Dodging
 - Level 2.4 Stealth
 + Level 3.3 Spellcasting
 + Level 4.5 Summonings


You had 5 spell levels left.
You knew the following spells:

 Your Spells              Type           Power      Damage    Failure   Level
a - Summon Small Mammal   Summ           80%        N/A       2%          1

Your spell library contained the following spells:

 Spells                   Type           Power      Damage    Failure   Level
 Call Imp                 Summ           20%        N/A       3%          2
 Call Canine Familiar     Summ           20%        N/A       7%          3
 Summon Guardian Golem    Hex/Summ       11%        N/A       17%         3
 Summon Lightning Spire   Summ/Air       11%        N/A       50%         4


Dungeon Overview and Level Annotations

Branches:
Dungeon (1/15)

Altars:
Ashenzari


Message History

The giant cockroach barely misses your bat.
Your bat hits the giant cockroach but does no damage.
Your bat hits the giant cockroach.
Your bat hits the giant cockroach but does no damage.
The giant cockroach barely misses your rat.
Your bat hits the giant cockroach but does no damage.
Your bat misses the giant cockroach. The giant cockroach bites your rat.
Your bat hits the giant cockroach but does no damage.
Your bat hits the giant cockroach.
Your rat closely misses the giant cockroach.
The giant cockroach misses your bat.
Your bat hits the giant cockroach but does no damage.
Your bat hits the giant cockroach. The giant cockroach bites your bat.
Your bat dies!
Your bat's corpse disappears in a puff of smoke!
Your rat bites the giant cockroach.
The giant cockroach dies!
You swap places.
You see here a giant cockroach corpse.
You open the door.
There is an open door here.
Your rat disappears in a puff of smoke!
Found a dagger.
Found a faded altar of an unknown god.
Found a dagger.
You see here a +0 dagger.
h - a +0 dagger You open the door.
There is a faded altar of an unknown god here.
You see here a +0 dagger.
i - a +0 dagger You cannot tell which god this altar belongs to.
Convert to them anyway?
Ashenzari accepts your prayer! Ashenzari welcomes you!
Ashenzari warns you of distant threats and treasures.
Ashenzari reveals the structure of the dungeon to you.
Ashenzari shows you where magical portals lie.
Ashenzari invites you to partake of a vision and a curse of beguiling and alchemy.
Okay, then.
Okay, then.
There is a staircase leading out of the dungeon here.
Are you sure you want to leave the Dungeon?
This will make you lose the game!
You have escaped!

#######....# #.###.## P..
.P#....# #......###
.PPP♣.#....#####..###....
P...PP#.#..#.............
♣♣P.P♣#.#..#...#..###..._
P..PP.#....#...#..# #....
PPP..P#........#..# #....
.P.♣..#........#..# #...#
.♣P...#.@......#..# #..##
P....P#........#..# #..#
P.♣P..#...........# #..#
P..P♣P#...........# #..
..P..P#.#...#.#....
PP.P♣.#.#...#.##..#
.P.P♣#.....#.# ..#


PP♣ #.....# ## #...... There were no monsters in sight!

Vanquished Creatures
  A bat (D:1)
1 creature vanquished.

Vanquished Creatures (collateral kills)
  2 giant cockroaches (D:1)
  A kobold (D:1)
3 creatures vanquished.

Grand Total: 4 creatures vanquished

Notes
Turn   | Place    | Note
-------+----------+-------------------------------------------
     0 | D:1      | Heoruswealwe the Deep Elf Summoner began the quest for the
                  | Orb.
     0 | D:1      | Reached XP level 1. HP: 10/10 MP: 6/6
   205 | D:1      | Found a faded altar of an unknown god.
   239 | D:1      | Prayed at the altar of an unknown god.
   239 | D:1      | Became a worshipper of Ashenzari the Shackled
   258 | D:$      | Got out of the dungeon alive.

Illustrated notes

Levels and vault maps discovered:
D:1:      minmay_arrival_arboretum_small, layout_basic,
          ebering_ecumenical_altar_sacrificial

Action                   || total
-------------------------++-------
Melee: Dagger            ||     1
 Cast: Summon Small Mamm ||     5
 Stab: Sleeping          ||     1
Armor: Robe              ||     2
Dodge: Dodged            ||     2
